 Dungeon Crawl Stone Soup version 0.31-a0-188-g5e087ee2ca (webtiles) character file.

Game seed: 8775240575109164018

49 qw the Shooter (level 3, -4/20 HPs)
             Began as a Deep Elf Hunter on June 23, 2023.
             Slain by Terence
             ... wielding a +1 heavy flail
              (9 damage)
             ... on level 2 of the Dungeon.
             The game lasted 00:00:19 (651 turns).

qw the Shooter (Deep Elf Hunter)                     Turns: 651, Time: 00:00:20

Health: -4/20      AC:  3    Str: 10    XL:     3   Next: 51%
Magic:  5/5        EV: 12    Int: 13    God:
Gold:   22         SH:  0    Dex: 18    Spells: 2/2 levels left

rFire   . . .        Y - +0 shortbow
rCold   . . .        (shield currently unavailable)
rNeg    . . .        c - +0 leather armour
rPois   .            (no helmet)
rElec   .            (no cloak)
rCorr   .            (no gloves)
SInv    .            (no boots)
Will    .....        (no amulet)
Stlth   ++           (no ring)
HPRegen 0.23/turn    (no ring)
MPRegen 0.09/turn

%: no passive effects
@: no status effects
A: no striking features
a: no special abilities


You were on level 2 of the Dungeon.
You visited 1 branch of the dungeon, and saw 2 of its levels.

You collected 22 gold pieces.


   Skills:
 - Level 1.5 Fighting
 + Level 7.0 Ranged Weapons
 - Level 2.4 Dodging
 - Level 1.2 Stealth


You had 2 spell levels left.
You didn't know any spells.
Your spell library was empty.

Inventory:

Hand Weapons
 Y - a +0 shortbow (weapon)
Armour
 c - a +0 leather armour (worn)
Scrolls
 a - a scroll of identify
 f - a scroll of enchant weapon {unknown}
Potions
 b - a potion of heal wounds {unknown}
 d - a potion of enlightenment {unknown}
 e - 2 potions of curing {unknown}

Dungeon Overview and Level Annotations

Branches:
Dungeon (2/15)

Altars:

Annotations:
D:2 Terence


Message History

You shoot an arrow. The arrow closely misses the adder.
You shoot an arrow. The arrow barely misses the adder.
The adder bites you.
You shoot an arrow.
The arrow hits the adder but does no damage.
The adder is severely wounded.
The adder completely misses you.
You shoot an arrow. The arrow hits the adder.
You kill the adder!
Your Ranged Weapons skill increases to level 7!
You start resting.
HP restored.
e - 2 black potions (gained 1) Terence the Incautious comes into view.
He is wielding a +1 heavy flail and wearing a +0 chain mail of willpower.
Terence shouts!
Enter note:
Enter note: You shoot an arrow.
The arrow hits Terence but does no damage.
You shoot an arrow. The arrow hits Terence.
Terence is moderately wounded.
You shoot an arrow.
The arrow hits Terence but does no damage.
Terence is moderately wounded.
You shoot an arrow. The arrow hits Terence.
Terence is moderately wounded.
You shoot an arrow.
The arrow hits Terence but does no damage.
Terence is moderately wounded.
Terence hits you with a +1 heavy flail.
You shoot an arrow. The arrow closely misses Terence.
You shoot an arrow. The arrow closely misses Terence.
Terence closely misses you.
You shoot an arrow. The arrow completely misses Terence.
Terence hits you with a +1 heavy flail!
Ouch! That really hurt!
You shoot an arrow. The arrow hits Terence.
Terence is moderately wounded.
Terence hits you with a +1 heavy flail!
You die...

....##########.#.........#
#..............<.......#
#.....###...%#..<......#
#.........#..##........%
##.....#.......##...#####
...(......#...#.###.....
########........# #..###
...............# #..#
.######.@@.....# ..#
#.##....(. .# #.# ######
#.# #.# #.# #.# #.# ###


You could see Terence.

Vanquished Creatures
  2 adders (D:2)
  3 bats
  4 endoplasms
  3 giant cockroaches
  3 goblins
  2 hobgoblins (D:1)
  2 quokkas (D:1)
  3 ball pythons (D:1)
  2 frilled lizards (D:1)
  3 kobolds
  3 rats
30 creatures vanquished.

Notes
Turn   | Place    | Note
-------+----------+-------------------------------------------
     0 | D:1      | qw the Deep Elf Hunter began the quest for the Orb.
     0 | D:1      | Reached XP level 1. HP: 12/12 MP: 3/3
     0 | D:1      | 0 ||| qw: Version: 0.3-a-9-g12657ce
     0 | D:1      | 0 ||| qw: Game counter: 3673
     0 | D:1      | 0 ||| qw: Always use a shield: true
     0 | D:1      | 0 ||| qw: God list: Okawaru
     0 | D:1      | 0 ||| qw: Allow faded altars: false
     0 | D:1      | 0 ||| qw: Do Orc after D:15 true
     0 | D:1      | 0 ||| qw: Do second Lair branch before Depths: true
     0 | D:1      | 0 ||| qw: Lair rune preference: random
     0 | D:1      | 0 ||| qw: Plans: Normal
     0 | D:1      | 0 ||| PLANNING D:1-11
   108 | D:1      | Reached XP level 2. HP: 16/16 MP: 4/4
   143 | D:1      | Reached skill level 6 in Ranged Weapons
   484 | D:1      | 484 ||| DROPPING ring of magical power.
   485 | D:1      | 485 ||| READING 2 scrolls labelled YVUDOB QESHROURYU.
   486 | D:1      | 486 ||| READING scroll labelled JIVVOL XOGUGY.
   487 | D:1      | 487 ||| READING scroll labelled ZURRUONELO.
   488 | D:1      | 488 ||| READING scroll labelled ZEFAPL EQENG.
   492 | D:1      | 492 ||| DROPPING scroll of butterflies.
   577 | D:2      | Reached XP level 3. HP: 19/20 MP: 5/5
   631 | D:2      | Reached skill level 7 in Ranged Weapons
   642 | D:2      | Noticed Terence
   650 | D:2      | HP: 5/20 [Terence/+1 heavy flail (15)]
   651 | D:2      | Slain by Terence

Levels and vault maps discovered:
D:1:      lemuel_arrival_broad_hall, layout_rooms,
          chequers_serial_rivers_small_b
D:2:      minmay_roachtagon, layout_loops_ring, basic_altar, uniq_terence

Skill      XL: |  1  2  3 |
---------------+----------+-----
Ranged Weapons | 6 7 |  7.0
Fighting       | |  1.5
Dodging        | |  2.4
Stealth        | |  1.2

Action                     || total
---------------------------++-------
   Fire: Shortbow          ||    75
    Use: Scroll            ||     4
 Armour: Leather armour    ||     5
  Dodge: Dodged            ||     8

Table legend:
 A = Non-vault XP
 B = Vault XP
 C = Vault XP percentage of total XP
 D = Non-vault monster count
 E = Vault monster count
 F = Vault count percentage of total count
                 A         B        C        D         E       F
            +---------+---------+-------+---------+---------+-------
      Total |      70 |       0 |   0.0 |      30 |       0 |   0.0
            +---------+---------+-------+---------+---------+-------
        D:1 |      33 |       0 |   0.0 |      21 |       0 |   0.0
        D:2 |      37 |       0 |   0.0 |       9 |       0 |   0.0
            +---------+---------+-------+---------+---------+-------
